 Dungeon Crawl Stone Soup version 0.29-a0-323-g050149af67 (webtiles) character file.

Game seed: 16228878524454740387

21 NateTC the Skirmisher (level 2, -2/27 HPs)
             Began as a Minotaur Fighter on Apr 10, 2022.
             Slain by Sigmund
             ... wielding a +0 scythe
              (3 damage)
             ... on level 2 of the Dungeon.
             The game lasted 00:01:10 (762 turns).

NateTC the Skirmisher (Minotaur Fighter)             Turns: 762, Time: 00:01:10

Health: -2/27      AC:  8    Str: 20    XL:     2   Next: 62%
Magic:  1/1        EV:  9    Int:  5    God:
Gold:   90         SH:  4    Dex:  9    Spells: 1/1 levels left

rFire   . . .      SeeInvis .   a - +0 war axe
rCold   . . .      Faith    .   c - +0 buckler
rNeg    . . .      Spirit   .   b - +0 scale mail
rPois   .          Reflect  .   (helmet restricted)
rElec   .          Harm     .   (no cloak)
rCorr   .          Rampage  .   j - +0 pair of gloves
Will    .....                   (no boots)
Stlth   ..........              (no amulet)
HPRegen 0.09/turn               (no ring)
MPRegen 0.07/turn               (no ring)

@: mighty
A: horns 2, retaliatory headbutt
a: no special abilities


You were on level 2 of the Dungeon.
You visited 1 branch of the dungeon, and saw 2 of its levels.

You collected 90 gold pieces.

Inventory:

Hand Weapons
 a - a +0 war axe (weapon)
Armour
 b - a +0 scale mail (worn)
 c - a +0 buckler (worn)
 j - a +0 pair of gloves (worn)
Scrolls
 f - 2 scrolls of amnesia
Potions
 g - a potion of curing {unknown}
 i - a potion of resistance {unknown}


   Skills:
 + Level 4.0 Fighting
 * Level 3.5 Axes
 - Level 3.6 Armour
 - Level 3.6 Shields


You had one spell level left.
You didn't know any spells.
Your spell library was empty.

Dungeon Overview and Level Annotations

Branches:
Dungeon (2/15)

Altars:

Annotations:
D:2 Sigmund


Innate Abilities, Weirdness & Mutations

You have a pair of horns on your head.
You reflexively headbutt those who attack you in melee.


Message History

You completely miss the adder zombie. You closely miss something.
The adder zombie bites you but does no damage.
Something hits you but does no damage.
An adder zombie is nearby!
You closely miss the adder zombie. Your headbutt misses the adder zombie.
You closely miss something.
The adder zombie bites you but does no damage.
The adder zombie barely misses you.
You hear some strange, mumbled words.
Something tries to affect you, but you resist.
An adder zombie is nearby!
You closely miss the adder zombie. You closely miss something.
You block the adder zombie's attack. Something hits you but does no damage.
You barely miss the adder zombie. You closely miss something.
You block the adder zombie's attack.
The adder zombie bites you but does no damage.
An adder zombie is nearby!
You closely miss the adder zombie. You hit something.
The adder zombie closely misses you. Something hits you!
Ouch! That really hurt!
* * * LOW HITPOINT WARNING * * *
You block the adder zombie's attack.
You are too injured to fight recklessly!
An adder zombie is nearby!
You are too injured to fight recklessly!
You are too injured to fight recklessly!
An adder zombie is nearby!
You are too injured to fight recklessly!
You are too injured to fight recklessly!
An adder zombie is nearby!
You are too injured to fight recklessly!
You are too injured to fight recklessly!
An adder zombie is nearby!
You feel very mighty all of a sudden.
You hear some strange, mumbled words.
Something tries to affect you, but you resist.
The adder zombie bites you but does no damage.
You closely miss something. You closely miss the adder zombie.
Something hits you.
You die...

#.....# #.#
#.....# ###.#
###.### #...#
#.. ## #.###
... P###.## .
..#..### ≈≈≈
#.#....#
≈≈≈≈.#.#.8..#
≈≈≈...Z@8P..#
P....#.{..8.<.#
..# #........#
...####..#
###.# .... #.#
.## #.. # #..


You could see an adder zombie.

Vanquished Creatures
  A dart slug (D:1)
  3 ball pythons (D:1)
  2 bats (D:1)
  4 endoplasms (D:1)
  2 hobgoblins (D:1)
  A quokka (D:1)
  A frilled lizard (D:1)
  A goblin (D:1)
  A rat (D:2)
16 creatures vanquished.

Notes
Turn   | Place    | Note
-------+----------+-------------------------------------------
     0 | D:1      | NateTC the Minotaur Fighter began the quest for the Orb.
     0 | D:1      | Reached XP level 1. HP: 19/19 MP: 0/0
   101 | D:1      | Reached XP level 2. HP: 27/27 MP: 1/1
   359 | D:1      | Reached skill level 4 in Fighting
   413 | D:1      | Found a faded altar of an unknown god.
   750 | D:2      | Noticed Sigmund
   760 | D:2      | HP: 1/27 [something (15)]
   762 | D:2      | Slain by Sigmund

Illustrated notes

Levels and vault maps discovered:
D:1:      dpeg_arrival_short_road, layout_basic,
          chequers_ecumenical_altar_simple, kennysheep_small_spiral
D:2:      layout_loops_cross, serial_undead, serial_undead_e, serial_undead_b,
          serial_undead_e, serial_undead_c, serial_undead_d, serial_undead_f,
          serial_undead_d, serial_undead_b, serial_undead_d, serial_undead_a,
          minmay_pentomino_pile, uniq_robin, uniq_terence, uniq_sigmund

Skill      XL: |  1  2 |
---------------+-------+-----
Axes           | 3 |  3.5
Fighting       | 4 |  4.0
Armour         | |  3.6
Shields        | |  3.6

Action                   || total
-------------------------++-------
Melee: War axe           ||    30
       Headbutt          ||     3
  Use: Scroll            ||     3
       Potion            ||     1
Armor: Scale mail        ||    15
Dodge: Dodged            ||    11
Block: Buckler           ||    10

Table legend: (Time is in decaauts)
 A = Elapsed time spent in this place.
 B = Non-inter-level travel time spent in this place.
 C = Inter-level travel time spent in this place.
 D = Time resting spent in this place.
 E = Time spent auto-exploring this place.
 F = Levels seen in this place.
 G = Mean time per level.
                   A        B        C        D        E       F      G
               +--------+--------+--------+--------+--------+-----+--------+
         Total |    772 |    679 |     93 |      0 |    557 |   2 |  386.0 |
       Dungeon |    772 |    679 |     93 |      0 |    557 |   2 |  386.0 |
               +--------+--------+--------+--------+--------+-----+--------+

Top non-repeatable levels by time:
     D:1: 700 daAuts
     D:2: 71 daAuts
